 Dungeon Crawl Stone Soup version 0.20.1-1-g8b1a95d (webtiles) character file.

3742 dohliylev the Cleaver (level 9, -1/80 HPs)
             Began as a Minotaur Fighter on Aug 12, 2017.
             Was an Elder of Okawaru.
             Slain by a yak (4 damage)
             ... on level 10 of the Dungeon.
             The game lasted 00:31:12 (4514 turns).

dohliylev the Cleaver (Minotaur Fighter)            Turns: 4514, Time: 00:31:13

Health: -1/80      AC: 19    Str: 21    XL:     9   Next: 93%
Magic:  7/8        EV:  6    Int:  5    God:    Okawaru [****..]
Gold:   241        SH: 11    Dex: 11    Spells: 8/8 levels left

rFire    . . .     SeeInvis .   a - +0 war axe
rCold    . . .     Gourm    .   c - +0 shield
rNeg     . . .     Faith    .   R - +0 plate armour
rPois    .         Spirit   .   (helmet restricted)
rElec    .         Reflect  .   p - +2 cloak {+Inv}
rCorr    .         Harm     .   O - +0 pair of gloves
MR       .....                  w - +0 pair of boots
Stlth    ..........             (no amulet)
Regen    0.3/turn               l - ring of loudness (curse)
MPRegen  0.2/turn               M - -2 ring of strength (curse)

@: no status effects
A: retaliatory headbutt, horns 2
a: Heroism, Renounce Religion, Evoke Invisibility


You were on level 10 of the Dungeon.
You worshipped Okawaru.
Okawaru was greatly pleased with you.
You were hungry.

You visited 2 branches of the dungeon, and saw 10 of its levels.

You collected 241 gold pieces.

Inventory:

Hand Weapons
 a - a +0 war axe (weapon)
Armour
 c - a +0 shield (worn)
 p - a +2 cloak of invisibility (worn)
 w - a +0 pair of boots (worn)
 O - a +0 pair of gloves (worn)
 R - a +0 plate armour (worn)
Jewellery
 l - a cursed ring of loudness (left hand)
 n - an uncursed ring of ice
 J - an uncursed ring of fire
 M - a cursed -2 ring of strength (right hand)
Wands
 s - a wand of flame (9/48)
 x - a wand of random effects (21/48)
 F - a wand of iceblast (10/15)
 H - a wand of iceblast (6/15)
 L - a wand of flame (30/48)
Scrolls
 e - a scroll of fog {unknown}
 g - 2 scrolls of enchant armour {unknown}
 h - 3 scrolls of remove curse {unknown}
 i - 6 scrolls of teleportation {unknown}
 q - 8 scrolls of identify {unknown}
 r - 2 scrolls of immolation {unknown}
 v - 3 scrolls of random uselessness {unknown}
 y - 4 scrolls of noise {unknown}
 A - a scroll of enchant weapon {unknown}
 I - 2 scrolls of amnesia {unknown}
 P - a scroll of recharging {unknown}
Potions
 d - 4 potions of might
 k - a potion of mutation {unknown}
 m - a potion of brilliance {unknown}
 t - a potion of lignification {unknown}
 u - a potion of agility {unknown}
 z - a potion of degeneration {unknown}
 B - a potion of magic {unknown}
 C - 2 potions of curing {unknown}
 E - 2 potions of heal wounds {unknown}
 G - 4 potions of resistance {unknown}
 K - a potion of flight {unknown}
Comestibles
 f - 8 bread rations
 j - 7 royal jellies
 o - 4 meat rations
 D - 5 chunks of flesh
 N - 4 fruits


   Skills:
 + Level 7.7 Fighting
 + Level 11.4 Axes
 + Level 7.4 Armour
 + Level 3.4 Dodging
 + Level 1.4 Stealth
 + Level 8.1 Shields


You had 8 spell levels left.
You didn't know any spells.

Dungeon Overview and Level Annotations

Branches:
Dungeon (10/15)            Temple (1/1) D:4             Orc (0/2) D:9
   Lair: D:8-11

Altars:
Ashenzari
Cheibriados
Dithmenos
Elyvilon
Fedhas
Gozag
Hepliaklqana
Kikubaaqudgha
Makhleb
Nemelex Xobeh
Okawaru
Qazlal
Ru
Sif Muna
Trog
Uskayaw
Vehumet
Xom
Yredelemnul
Zin
The Shining One


Innate Abilities, Weirdness & Mutations

You reflexively headbutt those who attack you in melee.
You have a pair of horns on your head.


Message History

You hit the jelly.
Your hands burn!
* * * LOW HITPOINT WARNING * * *
You headbutt the jelly!
The jelly is almost dead.
You feel like a meek peon again. You block the jelly's attack.
You slash the jelly!
You kill the jelly!
Okawaru accepts your kill.
You are feeling hungry.
You barely miss the yak.
The yak is lightly wounded.
You block the yak's attack.
You slice the yak!! Your headbutt misses the yak.
The yak is severely wounded.
The yak gores you but does no damage.
Your shield and plate armour prevent you from hitting the yak.
The yak is severely wounded.
The yak gores you.
You die...

#.....'..........#
####'##..........####
....................#
######.......<......#
#...........####
#...........#
#..........†#
#...#####+#Y# #...+
#@# #.. +%.# #.<#
#..# #..# #... ....
....$


You could see a yak.

Vanquished Creatures
  Grinder (D:5)
  Sigmund (D:2)
  4 hogs (D:7)
  A human (D:7)
  3 yaks (D:10)
  A water moccasin (D:6)
  An orc warrior (D:7)
  A phantom (D:5)
  4 ogres
  5 bullfrogs
  A scorpion (D:6)
  5 wights (D:7)
  A howler monkey (D:10)
  6 crimson imps
  A bullfrog zombie (D:7)
  2 hounds
  2 jellies
  3 orc priests
  Crazy Yiuf (D:2)
  A bullfrog skeleton (D:6)
  4 orc wizards
  Terence (D:3)
  Ijyb (D:3)
  An iguana (D:10)
  3 worker ants
  A hound zombie (D:5)
  4 gnolls (D:2)
  10 adders
  A shadow imp (D:5)
  An ooze (D:1)
  2 worms (D:3)
  4 dart slugs
  2 leopard geckos
  18 orcs
  4 giant cockroaches
  4 hobgoblins
  9 jackals
  9 kobolds
  2 quokkas
  2 ball pythons
  9 bats
  7 frilled lizards
  4 goblins
  6 rats
154 creatures vanquished.

Notes
Turn   | Place    | Note
-------+----------+-------------------------------------------
     0 | D:1      | dohliylev the Minotaur Fighter began the quest for the Orb.
     0 | D:1      | Reached XP level 1. HP: 19/19 MP: 0/0
    94 | D:1      | Reached XP level 2. HP: 20/27 MP: 1/1
   377 | D:1      | Reached skill level 3 in Axes
   665 | D:1      | Reached XP level 3. HP: 33/33 MP: 2/2
  1139 | D:2      | Reached XP level 4. HP: 28/41 MP: 3/3
  1318 | D:2      | Found a runed door.
  1322 | D:2      | Noticed Crazy Yiuf
  1326 | D:2      | Killed Crazy Yiuf
  1326 | D:2      | Reached skill level 4 in Axes
  1406 | D:2      | Reached XP level 5. HP: 43/47 MP: 4/4
  1424 | D:2      | Noticed Sigmund
  1434 | D:2      | Killed Sigmund
  1434 | D:2      | Reached skill level 5 in Axes
  1434 | D:2      | Reached skill level 5 in Armour
  1434 | D:2      | Reached XP level 6. HP: 45/53 MP: 5/5
  1531 | D:3      | Reached skill level 1 in Dodging
  1582 | D:3      | Noticed Ijyb
  1588 | D:3      | Killed Ijyb
  1824 | D:3      | Noticed Terence
  1833 | D:3      | Killed Terence
  1833 | D:3      | Reached skill level 6 in Axes
  2217 | D:4      | Found a staircase to the Ecumenical Temple.
  2227 | Temple   | Entered the Ecumenical Temple
  2285 | Temple   | Became a worshipper of Warmaster Okawaru
  2444 | D:4      | Reached skill level 5 in Fighting
  2444 | D:4      | Reached XP level 7. HP: 61/61 MP: 6/6
  2461 | D:4      | Found an iron altar of Okawaru.
  2630 | D:4      | Reached skill level 5 in Shields
  2716 | D:5      | Entered Level 5 of the Dungeon
  2793 | D:5      | Reached skill level 7 in Axes
  2829 | D:5      | Reached * piety under Okawaru
  2903 | D:5      | Reached XP level 8. HP: 53/70 MP: 7/7
  3090 | D:5      | Noticed Grinder
  3102 | D:5      | Killed Grinder
  3102 | D:5      | Reached skill level 8 in Axes
  3160 | D:5      | Reached ** piety under Okawaru
  3166 | D:5      | Found a burning altar of Makhleb.
  3166 | D:5      | Found a sacrificial altar of Ru.
  3376 | D:6      | Found a sparkling altar of Nemelex Xobeh.
  3395 | D:6      | Reached skill level 9 in Axes
  3974 | D:7      | Reached XP level 9. HP: 73/78 MP: 8/8
  3999 | D:7      | Found a radiant altar of Vehumet.
  4178 | D:7      | Reached *** piety under Okawaru
  4250 | D:7      | Reached skill level 10 in Axes
  4257 | D:7      | Reached skill level 1 in Stealth
  4387 | D:7      | Reached **** piety under Okawaru
  4387 | D:7      | Reached skill level 11 in Axes
  4416 | D:7      | You fall through a shaft for 3 floors!
  4416 | D:10     | Entered Level 10 of the Dungeon
  4470 | D:9      | Found a staircase to the Orcish Mines.
  4510 | D:10     | HP: 2/80 [acid (4)]
  4514 | D:10     | Slain by a yak

Skill      XL: |  1  2  3  4  5  6  7  8  9 |
---------------+----------------------------+-----
Fighting       | 4 5 6 7 |  7.7
Axes           | 3 4 5 6 7 9 11 | 11.4
Shields        | 4 5 6 8 |  8.1
Armour         | 4 5 6 7 |  7.4
Dodging        | 1 2 3 |  3.4
Stealth        | 1 |  1.4

Action                   |  1- 3 |  4- 6 |  7- 9 || total
-------------------------+-------+-------+-------++-------
Melee: War axe           |    72 |   103 |   299 ||   474
       Headbutt          |     8 |    14 |    67 ||    89
Invok: Heroism           |       |       |     1 ||     1
  Eat: Chunk             |       |     5 |     7 ||    12
Armor: Scale mail        |    41 |    49 |    86 ||   176
       Plate armour      |       |       |    30 ||    30
Dodge: Dodged            |    33 |    27 |    92 ||   152
Block: Shield            |    45 |    61 |   169 ||   275
